 Dungeon Crawl Stone Soup version 0.30-a0-122-g2a1322497e (webtiles) character file.

Game seed: 400361510531350825

107 Dreamer the Covert (level 4, 0/63 HPs)
             Began as a Naga Delver on Sept 15, 2022.
             Was a Follower of Dithmenos.
             Killed from afar by an orc wizard (3 damage)
             ... with a magic dart
             ... on level 2 of the Dungeon.
             The game lasted 00:10:55 (3467 turns).

Dreamer the Covert (Naga Delver)                    Turns: 3467, Time: 00:10:55

Health: 0/63       AC: 22    Str: 15    XL:     4   Next: 85%
Magic:  4/4        EV:  1    Int: 10    God:    Dithmenos [*.....]
Gold:   157        SH:  0    Dex: 14    Spells: 3/3 levels left

rFire   . . .      SeeInvis +    x - +0 dagger (vamp)
rCold   + . .      Faith    .    (no shield)
rNeg    . . .      Spirit   .    (body armour currently unavailable)
rPois   +          Reflect  .    (helmet currently unavailable)
rElec   .          Harm     .    (cloak currently unavailable)
rCorr   .          Rampage  .    (gloves currently unavailable)
Will    .....      NoTele   +    (no barding)
Stlth   +++++.....               z - amulet of the acrobat
HPRegen 0.20/turn                p - ring of protection from cold
MPRegen 0.09/turn                (no ring)

@: tree-form, wreathed by umbra
A: stationary, stasis, torment immunity, boosted hp, AC +1, large, see
invisible, (deformed body), (poison resistance), (slowness 2), spit poison 1,
(naga tail 1)
a: Spit Poison, Renounce Religion


You were on level 2 of the Dungeon.
You worshipped Dithmenos.
Dithmenos was aware of your devotion.
You were a tree.
You visited 2 branches of the dungeon, and saw 6 of its levels.

You collected 157 gold pieces.

Inventory:

Hand Weapons
 x - a +0 vampiric dagger (weapon)
Armour
 b - a +0 leather armour
 v - a +0 helmet (melded)
 y - the +5 chain mail of Kaqaitz (melded) {rElec Dex+2}
   (You found it on level 3 of the Dungeon)

   Dex:       It affects your dexterity (+2).
   rElec:     It insulates you from electricity.
Jewellery
 p - a ring of protection from cold (left branch)
 u - an amulet of magic regeneration
 z - an amulet of the acrobat (around neck)
Wands
 g - a wand of digging (3)
Scrolls
 a - 3 scrolls of teleportation {unknown}
 c - a scroll of fog
 d - a scroll of magic mapping
 j - 2 scrolls of fear
 k - 2 scrolls of identify {unknown}
 l - 5 scrolls of blinking {unknown}
 m - 2 scrolls of poison {unknown}
 n - a scroll of silence {unknown}
 r - a scroll of immolation {unknown}
 s - a scroll of noise {unknown}
Potions
 e - a potion of mutation {unknown}
 f - 3 potions of haste
 h - 2 potions of lignification
 i - 2 potions of cancellation {unknown}
 o - a potion of magic {unknown}
 q - a potion of flight {unknown}
 t - a potion of resistance {unknown}
 w - 3 potions of attraction {unknown}
 A - 2 potions of degeneration {unknown}


   Skills:
 + Level 3.4 Fighting
 * Level 3.2 Short Blades
 + Level 2.2 Dodging
 * Level 8.3 Stealth


You had 3 spell levels left.
You didn't know any spells.
Your spell library contained the following spells:

 Spells                   Type           Power      Damage    Failure   Level
 Beastly Appendage        Tmut           0%         N/A       36%         1
 Ensorcelled Hibernation  Hex/Ice        0%         N/A       50%         2
 Wereblood                Tmut           0%         N/A       50%         2
 Ozocubu's Armour         Ice            0%         N/A       75%         3
 Spider Form              Tmut/Pois      0%         N/A       75%         3
 Anguish                  Hex/Necr       0%         N/A       98%         4
 Metabolic Englaciation   Hex/Ice        0%         N/A       100%        5
 Simulacrum               Ice/Necr       0%         N/A       100%        6


Dungeon Overview and Level Annotations

Branches:
Dungeon (5/15)             Temple (1/1) D:5

Altars:
Ashenzari
Dithmenos
Elyvilon
Fedhas
Gozag
Qazlal
Sif Muna
Trog
Uskayaw
Xom

Annotations:
D:3 Grinder
D:5 exclusions: ogre and shadow imp


Innate Abilities, Weirdness & Mutations

You are a tree.
Your roots penetrate the ground, keeping you stationary.
You cannot be teleported.
You are immune to unholy pain and torment.
Your maximum health is greatly increased.
Your equipment is partially melded.
((Your serpentine skin is tough. (AC +1)))
You have supernaturally acute eyesight. (SInv)
((Armour fits poorly on your strangely shaped body.))
((Your system is resistant to poisons. (rPois)))
((You cover ground very slowly.))
You can spit poison.
((You have a snake-like lower body.))


Message History

You feel less confused.
The orc wizard hits you but does no damage.
You hit the orc wizard.
You feel better.
The orc wizard is heavily wounded.
The orc wizard hits you but does no damage.
You hit the orc wizard.
The orc wizard is heavily wounded.
The orc wizard points at you and mumbles some strange words.
The puff of flame hits you but does no damage.
You barely miss the orc wizard.
The orc wizard is heavily wounded.
The orc wizard points at you and mumbles some strange words.
You resist with some effort.
You miss the orc wizard.
The orc wizard is heavily wounded.
You hit the orc wizard but do no damage.
The orc wizard is heavily wounded.
The orc wizard hits you but does no damage.
You hit the orc wizard.
The orc wizard is severely wounded.
The orc wizard hits you but does no damage.
You barely miss the orc wizard.
The orc wizard is severely wounded.
The orc wizard gestures at you while chanting.
The magic dart hits you but does no damage.
You hit the orc wizard but do no damage.
The orc wizard is severely wounded.
The orc wizard hits you with a +0 dagger.
* * * LOW HITPOINT WARNING * * *
You hit the orc wizard but do no damage.
The orc wizard is severely wounded.
You closely miss the orc wizard.
The orc wizard is severely wounded.
The orc wizard casts a spell at you.
The magic dart hits you but does no damage.
You closely miss the orc wizard.
The orc wizard is severely wounded.
The orc wizard casts a spell at you. The magic dart hits you.
You die...

..................##.....~~......
######.###........##.#...........
#............#.(###.######..
####..##.###...## #...# #.#
##.#..# ##.## ###.####.#
#...####..# #...##.. ##........#
###..#.. ##...###.### ##.#..
#.#.o♣#...## #.... #.#.#.###..#
##... ##.#.#.####.# #.#.
#..#)#......## #.#.
####.##>#####...### ##.#<
##.......## ###...####..#.
##.........## ###.......##.
#...........# #........(...
#)..........####.####...#...


You could see an orc wizard.

Vanquished Creatures
  An orc wizard (D:2)
  2 adders
  An ufetubus (D:4)
  A worm (D:4)
  A dart slug (D:1)
  An orc (D:3)
  7 ball pythons
  2 bats
  5 endoplasms
  2 giant cockroaches
  5 goblins
  A hobgoblin (D:1)
  2 jackals (D:4)
  3 quokkas
  6 frilled lizards
  6 kobolds
  6 rats
52 creatures vanquished.

Notes
Turn   | Place    | Note
-------+----------+-------------------------------------------
     0 | D:5      | Dreamer the Naga Delver began the quest for the Orb.
     0 | D:5      | Reached XP level 1. HP: 21/21 MP: 1/1
    30 | D:5      | Noticed an ogre
    64 | D:5      | Found a staircase to the Ecumenical Temple.
    72 | Temple   | Entered the Ecumenical Temple
   170 | Temple   | Became a worshipper of Dithmenos the Shadowed
   214 | D:5      | Reached XP level 2. HP: 10/28 MP: 2/2
   884 | D:3      | Noticed Grinder
   945 | D:2      | Reached XP level 3. HP: 33/34 MP: 3/3
  1478 | D:1      | Reached * piety under Dithmenos
  2755 | D:2      | Reached skill level 8 in Stealth
  2755 | D:2      | Reached XP level 4. HP: 38/42 MP: 4/4
  3153 | D:3      | Identified the +5 chain mail of Kaqaitz {rElec Dex+2}
  3391 | D:3      | Identified the +3 hand axe of Brutal Revenge {protect,
                  | *Slow rCorr Str+4 SInv}
  3451 | D:2      | HP: 1/42 [orc wizard/puff of flame (9)]
  3464 | D:2      | HP: 3/63 [orc wizard/+0 dagger (2)]
  3467 | D:2      | Killed from afar by an orc wizard

Illustrated notes

Levels and vault maps discovered:
D:1:      minmay_arrival_wavy_path, layout_basic, minmay_hexomino_f4
D:2:      layout_rooms, minmay_misc_feat_x, corexii_leaking_fountain,
          kennysheep_nondescript
D:3:      layout_basic, small_statue_intersection, uniq_grinder
D:4:      layout_loops_cross, gammafunk_temple_overflow_wave,
          minmay_misc_feat_tiny, guppyfry_shop_venom, uniq_pikel
D:5:      layout_basic, minmay_temple_entry_trees
Temple:   nicolae_temple_figure_eight

Skill      XL: |  1  2  3  4 |
---------------+-------------+-----
Dodging        | 2 |  2.2
Stealth        | 8 |  8.3
Short Blades   | 3 |  3.2
Fighting       | |  3.4

Action                   |  1- 3 |  4- 6 || total
-------------------------+-------+-------++-------
Melee: Short sword       |   135 |       ||   135
       Dagger            |     5 |    92 ||    97
       Punch             |     3 |     2 ||     5
 Abil: Spit Poison       |    25 |    11 ||    36
  Use: Scroll            |     2 |       ||     2
       Potion            |       |     1 ||     1
 Stab: Sleeping          |     4 |     1 ||     5
Armor: Leather armour    |    32 |    11 ||    43
       Chain mail        |       |    35 ||    35
       Skin              |       |     9 ||     9
Dodge: Dodged            |    73 |    37 ||   110

Table legend: (Time is in decaauts)
 A = Elapsed time spent in this place.
 B = Non-inter-level travel time spent in this place.
 C = Inter-level travel time spent in this place.
 D = Time resting spent in this place.
 E = Time spent auto-exploring this place.
 F = Levels seen in this place.
 G = Mean time per level.
                   A        B        C        D        E       F      G
               +--------+--------+--------+--------+--------+-----+--------+
         Total |   4157 |   4076 |     81 |    944 |   1902 |   6 |  692.8 |
       Dungeon |   3996 |   3941 |     55 |    944 |   1902 |   5 |  799.2 |
        Temple |    161 |    136 |     25 |      0 |      0 |   1 |  161.0 |
               +--------+--------+--------+--------+--------+-----+--------+

Top non-repeatable levels by time:
     D:1: 1538 daAuts
     D:2: 1160 daAuts
     D:3: 487 daAuts
     D:5: 475 daAuts
     D:4: 333 daAuts
  Temple: 161 daAuts
